 Dungeon Crawl Stone Soup version 0.31-a0-986-g5e6e4ef867 (webtiles) character file.

Game seed: 2056736137592261065

24761 Firecrotchwizard the Fighter (level 13, -1/74 HPs)
             Began as a Vine Stalker Shapeshifter on Nov 19, 2023.
             Was a High Priest of Okawaru.
             Killed from afar by a raiju (3 damage)
             ... with a living lightning
             ... on level 3 of the Abyss.
             The game lasted 00:27:30 (9087 turns).

Firecrotchwizard the Fighter (VSSh)                 Turns: 9087, Time: 00:27:31

Health: -1/74      AC: 12    Str: 22    XL:     13   Next: 15%
Magic:  0/30       EV:  7    Int: 10    God:    Okawaru [*****.]
Gold:   741        SH: 30    Dex: 14    Spells: 12/12 levels left

rFire   + .          .
                       - Unarmed
rCold   + . .        m - +7 tower shield
rNeg    . . .        e - +0 plate armour
rPois   +            (helmet currently unavailable)
rElec   +            (cloak currently unavailable)
rCorr   +            (gloves currently unavailable)
SInv    .            (boots currently unavailable)
Will    +....        A - amulet of reflection
Stlth   x              - ring of resist corrosion
HPRegen 1.12/turn    J - ring of magical power
MPRegen 0.22/turn

%: reflection, guardian spirit
@: beast-form, resistant, heroic, hasted, very quick
A: beast (slay +4), fangs 3, regeneration 1, magic shield, antimagic bite, no
potion heal 2
a: Begin Untransformation, Renounce Religion, Heroism, Finesse, Duel


You were on level 3 of the Abyss.
You worshipped Okawaru.
Okawaru was extremely pleased with you.
You were a hulking beast.
You visited 2 branches of the dungeon, and saw 11 of its levels.
You visited the Abyss 1 time.
You also visited: Ossuary.

You collected 741 gold pieces.

Inventory:

Hand Weapons
 l - a +1 whip of protection
Missiles
 k - 4 poisoned darts
 B - 2 throwing nets {@!f}
Armour
 a - a +0 animal skin
 e - a +0 plate armour (worn)
 h - a +0 scale mail
 m - a +7 tower shield (worn)
 r - a +0 chain mail
 L - the +3 warlock's mirror {omnireflect}
   (You found it on level 10 of the Dungeon)

   Omnireflect: It can block and reflect piercing ranged attacks and magical
   attacks against the wielder's willpower.
Jewellery
 u - a ring of poison resistance
 x - a ring of resist corrosion (left hand)
 A - an amulet of reflection (around neck)
 I - an amulet of the acrobat
 J - a ring of magical power (right hand)
Talismans
 c - a beast talisman
 d - a flux talisman
Wands
 q - a wand of charming (14)
 H - a wand of light (9)
 M - a wand of digging (9)
Scrolls
 f - a scroll of fog
 i - a scroll of identify
 j - a scroll of immolation
 t - 3 scrolls of teleportation
 y - a scroll of amnesia
 F - 2 scrolls of revelation
 K - a scroll of vulnerability
Potions
 b - 4 potions of lignification
 g - 6 potions of curing
 n - a potion of attraction
 o - 2 potions of invisibility
 p - a potion of haste
 s - 2 potions of might
 v - 3 potions of mutation
 w - a potion of berserk rage
 C - a potion of ambrosia {unknown}
 E - a potion of enlightenment {unknown}
 G - a potion of brilliance {unknown}


   Skills:
 + Level 11.1(16.1) Fighting
 - Level 1.5(6.5) Dodging
 + Level 8.6(13.6) Shields
 - Level 11.0(16.0) Unarmed Combat
 + Level 9.7 Invocations
 - Level 7.2 Shapeshifting


You had 12 spell levels left.
You didn't know any spells.
Your spell library contained the following spells:

 Spells                   Type           Power      Damage    Failure   Level
 Apportation              Tloc           0%         N/A       100%        1
 Magic Dart               Conj           0%         1d3       100%        1
 Necrotise                Necr           0%         1d4       100%        1
 Shock                    Conj/Air       0%         1d3       100%        1
 Slow                     Hex            0%         N/A       100%        1
 Blink                    Tloc           0%         N/A       100%        2
 Sublimation of Blood     Necr           0%         N/A       100%        2
 Wereblood                Tmut           0%         N/A       100%        2
 Confusing Touch          Hex            0%         N/A       100%        3
 Mephitic Cloud           Conj/Pois/Air  0%         N/A       100%        3
 Sigil of Binding         Hex            0%         N/A       100%        3
 Swiftness                Air            0%         N/A       100%        3
 Vampiric Draining        Necr           0%         2d6       100%        3
 Airstrike                Air            0%         2d(0-16)  100%        4
 Dimensional Bullseye     Hex/Tloc       0%         N/A       100%        4
 Iskenderun's Mystic Bla  Conj/Tloc      0%         2d3       100%        4
 Manifold Assault         Tloc           0%         N/A       100%        4
 Borgnjor's Vile Clutch   Necr/Erth      0%         N/A       100%        5
 Summon Small Mammal      Summ           Unusable   N/A       N/A         1
 Call Imp                 Summ           Unusable   N/A       N/A         2
 Tukima's Dance           Hex            Unusable   N/A       N/A         3
 Animate Dead             Necr           Unusable   N/A       N/A         4
 Death Channel            Necr           Unusable   N/A       N/A         6
 Summon Hydra             Summ           Unusable   N/A       N/A         7

Dungeon Overview and Level Annotations

Branches:
Dungeon (10/15)            Temple (1/1) D:6         Ossuary (visited)
   Lair: D:8-11         Orc: D:9-12

Altars:
Ashenzari
Cheibriados
Dithmenos
Elyvilon
Fedhas
Gozag
Hepliaklqana
Kikubaaqudgha
Makhleb
Nemelex Xobeh
Okawaru
Qazlal
Ru
Sif Muna
Trog
Uskayaw
Vehumet
Wu Jian
Xom
Yredelemnul
Zin
The Shining One

Shops:
D:4 (   D:8 (

Annotations:
D:10 Psyche


Innate Abilities, Weirdness & Mutations

You are a hulking beast.
Your limbs bulge with bestial killing power. (Slay +4)
You have razor-sharp teeth.
Your natural rate of healing is unusually fast.
When hurt, damage is shared between your health and your magic reserves.
Your bite disrupts and absorbs the magic of your enemies.
Potions cannot restore your health.


Message History

The raiju blinks!
Unknown command.
You feel yourself speed up. You block the raiju's attack.
The raiju falters for a moment.
The raiju bursts into living lightning!
The living lightning misses you.
The raiju blinks!
Unknown command.
You feel protected.
The raiju bursts into living lightning!
The living lightning misses you.
The raiju blinks!
The raiju closely misses you.
The raiju bursts into living lightning!
The living lightning hits you! You resist.
* * * LOW MAGIC WARNING * * *
* * * LOW HITPOINT WARNING * * *
The raiju blinks!
You feel more confident with your borrowed prowess.
* * * LOW MAGIC WARNING * * *
You block the raiju's attack.
You hit the raiju. You bite the raiju.
The raiju's magic leaks into the air.
You drain its magic.
You feel invigorated.
The raiju is almost dead.
You pummel the raiju!!
You kill the raiju!
Okawaru accepts your kill. You block the raiju's attack.
You closely miss the raiju. Your bite misses the raiju.
You completely miss the raiju. The raiju bites you but does no damage.
You block the raiju's attack.
You closely miss the raiju. Your bite misses the raiju.
Unknown command.
You hit the raiju.
The raiju is lightly wounded.
The raiju bursts into living lightning!
The living lightning hits you. You resist.
* * * LOW MAGIC WARNING * * *
* * * LOW HITPOINT WARNING * * *
The living lightning hits the raiju.
The raiju completely resists.
The raiju blinks!
The raiju bites you.
* * * LOW MAGIC WARNING * * *
* * * LOW HITPOINT WARNING * * *
The raiju shocks you. You resist.
* * * LOW MAGIC WARNING * * *
* * * LOW HITPOINT WARNING * * *
You punch the raiju!
The raiju is heavily wounded.
The raiju bursts into living lightning!
The living lightning hits the raiju.
The raiju completely resists.
The living lightning hits you! You resist.
* * * LOW MAGIC WARNING * * *
* * * LOW HITPOINT WARNING * * *
The raiju blinks!
You block the raiju's attack.
As you read the scroll of fog, it dissolves into smoke.
You closely miss the raiju.
The raiju is heavily wounded.
The raiju bursts into living lightning!
The living lightning hits you but does no damage.
The living lightning hits the raiju.
The raiju completely resists.
The raiju blinks!
You block the raiju's attack.
Unknown command.
You miss the raiju. You bite the raiju.
The raiju's magic leaks into the air.
You drain its magic.
You feel invigorated.
The raiju is heavily wounded.
You block the raiju's attack.
You block the large abomination's attack.
The raiju bites you but does no damage.
The raiju bursts into living lightning!
The living lightning hits the raiju.
The raiju completely resists.
The living lightning hits you. You resist.
* * * LOW HITPOINT WARNING * * *
The raiju blinks!
You punch the large abomination! You bite the large abomination.
You drain its power.
You feel invigorated.
The large abomination is moderately damaged.
You pummel the large abomination!!
The large abomination is severely damaged.
The raiju bursts into living lightning!
The living lightning hits you. You resist.
* * * LOW MAGIC WARNING * * *
* * * LOW HITPOINT WARNING * * *
The living lightning hits the raiju.
The raiju completely resists.
The raiju blinks!
You block the large abomination's attack.
The raiju bites you.
* * * LOW MAGIC WARNING * * *
* * * LOW HITPOINT WARNING * * *
The raiju shocks you. You resist.
* * * LOW MAGIC WARNING * * *
* * * LOW HITPOINT WARNING * * *
You block the raiju's attack.
You pummel the large abomination!!
You destroy the large abomination!
Okawaru accepts your kill.
Unknown command.
You punch the raiju! Your bite misses the raiju.
The raiju is severely wounded.
The raiju bursts into living lightning!
The living lightning hits you. You resist.
* * * LOW MAGIC WARNING * * *
You die...

............ .. .. ..
................... .
... ..............§.
.. . . ....... .....#
.. ..............## .
....................
......##....§.#§§....
. . # ...§§#§§~..# .
.....§§h§§~~.#
.......§hh§§≈~~~. .
.....§§§§§.~≈~~
.............. ~♣
...............#~
.......... .....≈
##......##......
#...... ....##


You could see 2 raiju.

Vanquished Creatures
  A tentacled monstrosity (Abyss:3)
  A tentacled starspawn (Abyss:3)
  A yellow draconian (Abyss:3)
  An eidolon (Abyss:3)
  A great orb of eyes (Abyss:3)
  Erica (D:9)
  5 two-headed ogres
  2 thrashing horrors (Abyss:3)
  A hell hog (Abyss:3)
  Urug (D:10)
  2 wretched stars (Abyss:3)
  A glowing orange brain (Abyss:3)
  4 arcanists (D:10)
  Pikel (D:7)
  A shining eye (Abyss:3)
  An orc sorcerer (Abyss:2)
  2 worldbinders (Abyss:3)
  Maurice (D:9)
  A komodo dragon (D:10)
  An ice devil (Abyss:3)
  Prince Ribbit (D:7)
  A hellwing (Abyss:3)
  A raiju (Abyss:3)
  Sigmund (D:5)
  A ynoxinul (Abyss:3)
  2 wyverns (D:9)
  3 large abominations (Abyss:3)
  4 yaks (D:8)
  A neqoxec (Abyss:2)
  A steam dragon (D:7)
  2 acid dragons
  2 water moccasins
  10 orc warriors
  2 sky beasts (D:6)
  3 black bears
  An ice beast (D:5)
  2 centaurs
  5 ogres
  A small abomination (Abyss:3)
  A lemure (D:7)
  A phantom (D:4)
  3 kobold brigands (D:9)
  Blork the orc (D:5)
  An elf zombie (Ossuary)
  4 scorpions
  2 bullfrogs (D:7)
  A necrophage (D:5)
  8 wights
  4 killer bees (D:7)
  4 centaur zombies (Ossuary)
  3 hounds
  A human zombie (Ossuary)
  7 orc priests
  4 gnoll boudas
  2 jellies
  6 iguanas
  16 orc wizards
  An ogre zombie (Ossuary)
  A hound skeleton (D:5)
  7 mummies (Ossuary)
  6 adders
  22 gnolls
  A shadow imp (D:7)
  An ufetubus (Abyss:2)
  4 adder zombies (Ossuary)
  2 worms
  7 dart slugs
  29 orcs
  6 endoplasms
  3 giant cockroaches
  6 goblins
  10 hobgoblins
  9 jackals
  5 quokkas
  3 training dummies (D:4)
  8 ball pythons
  9 bats
  6 frilled lizards
  3 goblin zombies (Ossuary)
  3 hobgoblin zombies (Ossuary)
  17 kobolds
  5 kobold zombies (Ossuary)
  An orc zombie (Ossuary)
  4 quokka zombies (Ossuary)
  2 rats (D:2)
  2 rat zombies (Ossuary)
326 creatures vanquished.

Vanquished Creatures (others)
  A worldbinder (Abyss:3)
  An ufetubus (Abyss:2)
  4 starspawn tentacles (Abyss:3)
6 creatures vanquished.

Grand Total: 332 creatures vanquished

Notes
Turn   | Place    | Note
-------+----------+-------------------------------------------
     0 | D:1      | Firecrotchwizard the Vine Stalker Shapeshifter began the
                  | quest for the Orb.
     0 | D:1      | Reached XP level 1. HP: 9/9 MP: 2/2
    46 | D:1      | Reached skill level 1 in Fighting
   247 | D:1      | Reached XP level 2. HP: 14/14 MP: 3/3
   321 | D:1      | Found a faded altar of an unknown god.
   657 | D:1      | Reached XP level 3. HP: 18/18 MP: 1/4
   811 | D:2      | Reached XP level 4. HP: 23/23 MP: 5/5
  2076 | D:4      | Noticed a black bear
  2085 | D:4      | Killed a black bear
  2086 | D:4      | Reached XP level 5. HP: 23/27 MP: 6/6
  2229 | D:4      | Reached skill level 5 in Unarmed Combat
  2240 | D:4      | Reached XP level 6. HP: 27/32 MP: 5/7
  2809 | D:4      | Reached XP level 7. HP: 35/36 MP: 5/8
  2942 | D:4      | Found Weror's Firing Range.
  3047 | D:5      | Entered Level 5 of the Dungeon
  3108 | D:5      | Found a sand-covered staircase.
  3142 | Ossuary  | Entered an ossuary
  3265 | Ossuary  | Reached skill level 5 in Shapeshifting
  3265 | Ossuary  | Gained mutation: You have razor-sharp teeth. [Vine Stalker
                  | growth]
  3265 | Ossuary  | Reached XP level 8. HP: 42/42 MP: 9/9
  3512 | D:5      | Noticed Sigmund
  3519 | D:5      | Killed Sigmund
  3595 | D:5      | Found a burning altar of Makhleb.
  3663 | D:5      | Noticed Blork the orc
  3671 | D:5      | Killed Blork the orc
  3999 | D:6      | Reached skill level 5 in Fighting
  3999 | D:6      | Reached XP level 9. HP: 43/47 MP: 10/10
  4770 | D:6      | Found a staircase to the Ecumenical Temple.
  4781 | Temple   | Entered the Ecumenical Temple
  4796 | Temple   | Became a worshipper of Warmaster Okawaru
  5155 | D:7      | Noticed Prince Ribbit
  5163 | D:7      | Killed Prince Ribbit
  5164 | D:7      | Reached skill level 10 in Unarmed Combat
  5306 | D:7      | Reached XP level 10. HP: 53/53 MP: 11/11
  5425 | D:7      | Reached * piety under Okawaru
  5480 | D:7      | Noticed Pikel
  5489 | D:7      | Killed Pikel
  5490 | D:7      | Reached skill level 1 in Invocations
  6253 | D:7      | Reached ** piety under Okawaru
  6313 | D:8      | Found a sparkling altar of Nemelex Xobeh.
  6315 | D:8      | Found a broken altar of Ashenzari.
  6388 | D:8      | Reached skill level 1 in Shields
  6414 | D:8      | Noticed a two-headed ogre
  6422 | D:8      | Killed a two-headed ogre
  6548 | D:8      | Found Sowikel's Weapon Emporium.
  6758 | D:8      | Noticed a cyclops
  6760 | D:8      | Noticed a six-headed hydra
  6762 | D:8      | Noticed a centaur warrior
  6763 | D:8      | Noticed a cyclops
  6948 | D:8      | Reached *** piety under Okawaru
  6953 | D:8      | Reached XP level 11. HP: 53/59 MP: 15/15
  7114 | D:9      | Found a bloodstained altar of Trog.
  7136 | D:9      | Found a shadowy altar of Dithmenos.
  7178 | D:9      | Noticed Maurice
  7188 | D:9      | Killed Maurice
  7214 | D:9      | Noticed a two-headed ogre
  7220 | D:9      | Killed a two-headed ogre
  7221 | D:9      | Reached skill level 5 in Invocations
  7260 | D:9      | Noticed a two-headed ogre
  7267 | D:9      | Killed a two-headed ogre
  7416 | D:9      | Identified the +2 cloak of Creativity {rN+}
  7611 | D:9      | Noticed a two-headed ogre
  7621 | D:9      | Killed a two-headed ogre
  7626 | D:9      | Noticed Erica
  7635 | D:9      | Killed Erica
  7636 | D:9      | Reached skill level 5 in Shields
  7840 | D:10     | Entered Level 10 of the Dungeon
  7978 | D:10     | Noticed Urug
  7993 | D:10     | Killed Urug
  7993 | D:10     | Reached **** piety under Okawaru
  8137 | D:10     | Found the +3 warlock's mirror {omnireflect}
  8226 | D:10     | Noticed an arcanist
  8231 | D:10     | Noticed an arcanist
  8231 | D:10     | Noticed a two-headed ogre
  8238 | D:10     | Killed an arcanist
  8242 | D:10     | Killed an arcanist
  8245 | D:10     | Killed a two-headed ogre
  8293 | D:10     | Noticed an arcanist
  8298 | D:10     | Noticed an arcanist
  8304 | D:10     | Killed an arcanist
  8305 | D:10     | Reached XP level 12. HP: 66/66 MP: 18/18
  8513 | D:10     | Noticed Psyche
  8517 | Abyss:2  | Cast into level 2 of the Abyss (Psyche)
  8613 | Abyss:2  | Noticed a balrug
  8630 | Abyss:3  | Noticed a tentacled starspawn
  8694 | Abyss:3  | Noticed a wretched star
  8703 | Abyss:3  | Killed a wretched star
  8779 | Abyss:3  | Noticed a wretched star
  8788 | Abyss:3  | Killed a wretched star
  8847 | Abyss:3  | Found a corrupted altar of Lugonu.
  8850 | Abyss:3  | Noticed a thrashing horror
  8871 | Abyss:3  | Killed a thrashing horror
  8871 | Abyss:3  | Reached ***** piety under Okawaru
  8872 | Abyss:3  | Reached skill level 10 in Fighting
  8879 | Abyss:3  | Found a corrupted altar of Lugonu.
  8879 | Abyss:3  | Found a corrupted altar of Lugonu.
  8880 | Abyss:3  | Noticed a yellow draconian
  8881 | Abyss:3  | Noticed an eidolon
  8891 | Abyss:3  | Killed a yellow draconian
  8899 | Abyss:3  | Killed an eidolon
  8900 | Abyss:3  | Noticed a thrashing horror
  8917 | Abyss:3  | Killed a thrashing horror
  8980 | Abyss:3  | Noticed a deep elf knight
  8983 | Abyss:3  | Noticed a deep elf knight
  9006 | Abyss:3  | Noticed a wretched star
  9009 | Abyss:3  | Noticed a hell hog
  9010 | Abyss:3  | Noticed a tentacled monstrosity
  9017 | Abyss:3  | Killed a hell hog
  9017 | Abyss:3  | Noticed a hell hog
  9020 | Abyss:3  | Noticed a hell hog
  9035 | Abyss:3  | Killed a tentacled monstrosity
  9036 | Abyss:3  | Reached XP level 13. HP: 8/73 MP: 19/20
  9041 | Abyss:3  | Noticed a great orb of eyes
  9043 | Abyss:3  | Noticed a tentacled starspawn
  9053 | Abyss:3  | Killed a great orb of eyes
  9058 | Abyss:3  | Killed a tentacled starspawn
  9085 | Abyss:3  | HP: 2/74 [raiju (2)]
  9087 | Abyss:3  | Killed from afar by a raiju

Illustrated notes

Levels and vault maps discovered:
D:1:      minmay_arrival_checkered_box, layout_basic,
          chequers_ecumenical_altar_simple_redux
D:2:      layout_basic
D:3:      layout_loops_corners, grunt_decor_arrowhead,
          hangedman_abyss_or_decor_lesser_grid, corexii_leaking_fountain,
          dk_noncrumbling_3, minmay_pentomino_pile
D:4:      layout_gridville, minmay_misc_feat_five, nicolae_shop_firing_range
D:5:      layout_cave_pools, makhleb_blood_cavern_becter, enter_ossuary_1,
          grunt_ministairs_6, uniq_sigmund, uniq_blork_the_orc
D:6:      layout_gridville, minmay_temple_entry_fiery, item_on_display_a
D:7:      layout_basic, enter_bailey_3, serial_bayou_pond_d,
          uniq_prince_ribbit1, uniq_pikel
D:8:      minmay_flawed_box, layout_cave_pools, grunt_temple_overflow_open,
          serial_shops, nicolae_shop_bloodbath_and_beyond,
          onia_ninara_dug_in_and_dangerous
D:9:      kennysheep_six_static_rooms, layout_rooms, nicolae_overflow_squiral,
          uniq_maurice, uniq_erica
D:10:     minmay_smoke_and_mirrors, layout_loops_cross,
          hangedman_decor_diamond_cutter, uniq_psyche, uniq_urug
Temple:   bh_familiar_temple
Abyss:3:  base: D:5, hangedman_abyss_monster_moat, hangedman_decor_points,
          bh_abyss_negative, nicolae_abyss_rune_star_stuff

Skill      XL: |  1  2  3  4  5  6  7  8  9 10 11 12 13 |
---------------+----------------------------------------+-----
Fighting       | 1 2 3 5 6 7 9 10 11 | 11.1
Unarmed Combat | 4 5 6 8 10 11 | 11.0
Shapeshifting  | 4 5 7 |  7.2
Invocations    | 4 7 9 |  9.7
Shields        | 3 6 8 |  8.6
Dodging        | |  1.5

Action                     |  1- 3 |  4- 6 |  7- 9 | 10-12 | 13-15 || total
---------------------------+-------+-------+-------+-------+-------++-------
  Melee: Unarmed           |    46 |       |   222 |   424 |    31 ||   723
         Bite              |    12 |    27 |   103 |   158 |    13 ||   313
         Punch             |     2 |     2 |     1 |       |       ||     5
         Whip              |    11 |   114 |    86 |       |       ||   211
  Throw: Dart              |       |    12 |     6 |    20 |       ||    38
 Invoke: Heroism           |       |       |       |    19 |     2 ||    21
  Evoke: Wand              |       |       |       |     2 |       ||     2
    Use: Scroll            |       |       |    18 |    11 |     1 ||    30
         Potion            |       |       |       |     2 |     2 ||     4
   Stab: Sleeping          |     1 |       |       |       |       ||     1
 Armour: Animal skin       |     2 |       |       |       |       ||     2
         Scale mail        |    47 |    29 |       |       |       ||    76
         Chain mail        |       |    43 |   159 |    35 |       ||   237
         Plate armour      |       |       |       |   165 |    19 ||   184
  Dodge: Dodged            |    40 |    41 |    32 |    38 |     4 ||   155
  Block: Tower shield      |       |       |   245 |   481 |    31 ||   757
         Reflection        |       |       |     6 |    15 |       ||    21
         Buckler           |       |       |       |     6 |       ||     6

Table legend: (Time is in decaauts)
 A = Elapsed time spent in this place.
 B = Non-inter-level travel time spent in this place.
 C = Inter-level travel time spent in this place.
 D = Time resting spent in this place.
 E = Time spent auto-exploring this place.
 F = Levels seen in this place.
 G = Mean time per level.
                   A        B        C        D        E       F      G
               +--------+--------+--------+--------+--------+-----+--------+
         Total |   9177 |   8846 |    331 |    360 |   6253 |  14 |  655.5 |
       Dungeon |   8233 |   7930 |    303 |    337 |   5827 |  10 |  823.3 |
        Temple |     29 |      1 |     28 |      0 |      0 |   1 |   29.0 |
         Abyss |    555 |    555 |      0 |     21 |    261 |   2 |  277.5 |
       Ossuary |    359 |    359 |      0 |      2 |    165 |   1 |  359.0 |
               +--------+--------+--------+--------+--------+-----+--------+

Top non-repeatable levels by time:
     D:7: 1277 daAuts
     D:6: 1079 daAuts
     D:4: 1005 daAuts
     D:3: 917 daAuts
     D:9: 815 daAuts
     D:8: 732 daAuts
     D:1: 694 daAuts
    D:10: 673 daAuts
     D:5: 569 daAuts
     D:2: 468 daAuts
 Abyss:3: 450 daAuts
 Ossuary: 359 daAuts
 Abyss:2: 105 daAuts
  Temple: 29 daAuts
